 Dungeon Crawl Stone Soup version 0.28-a0-1510-gd0f6b136d3 (webtiles) character file.

Game seed: 6298947614664555820

65 esteth the Skirmisher (level 4, -9/41 HPs)
             Began as a Hill Orc Fighter on Jan 15, 2022.
             Mangled by an ice beast (14 damage)
             ... on level 3 of the Dungeon.
             The game lasted 00:03:15 (2138 turns).

esteth the Skirmisher (Hill Orc Fighter)            Turns: 2138, Time: 00:03:15

Health: -9/41      AC:  6    Str: 18    XL:     4   Next: 14%
Magic:  4/4        EV:  9    Int: 10    God:
Gold:   111        SH:  4    Dex: 10    Spells: 3/3 levels left

rFire   . . .      SeeInvis .     - Unarmed
rCold   . . .      Faith    .   c - +0 buckler
rNeg    . . .      Spirit   .   b - +0 scale mail
rPois   .          Reflect  .   (no helmet)
rElec   .          Harm     .   (no cloak)
rCorr   .          Rampage  .   (no gloves)
Will    .....                   (no boots)
Stlth   ..........              (no amulet)
HPRegen 0.13/turn               (no ring)
MPRegen 0.09/turn               (no ring)

@: mighty, studying Unarmed Combat
A: no striking features
a: no special abilities


You were on level 3 of the Dungeon.
You visited 1 branch of the dungeon, and saw 3 of its levels.

You collected 111 gold pieces.

Inventory:

Hand Weapons
 a - a +0 war axe
Armour
 b - a +0 scale mail (worn)
 c - a +0 buckler (worn)
Scrolls
 g - 4 scrolls of identify {unknown}
 h - a scroll of enchant weapon {unknown}
 k - a scroll of holy word {unknown}
Potions
 i - a potion of heal wounds {unknown}
 j - a potion of lignification {unknown}


   Skills:
 - Level 4.8 Fighting
 - Level 2.6 Axes
 - Level 3.2 Armour
 - Level 3.2 Shields
 + Level 4.1 Unarmed Combat


You had 3 spell levels left.
You didn't know any spells.
Your spell library contained the following spells:

 Spells                   Type           Power      Damage    Failure   Level
 Beastly Appendage        Tmut           0%         N/A       83%         1
 Wereblood                Tmut           0%         N/A       93%         2
 Spider Form              Tmut/Pois      0%         N/A       99%         3


Dungeon Overview and Level Annotations

Branches:
Dungeon (3/15)

Altars:
Ashenzari
Hepliaklqana
Zin


Message History

There is an open door here.
As you read the scroll labelled ETOCREN BYKEMI, it crumbles to dust.
You feel aware of your surroundings.
It was a scroll of magic mapping.
You see here a bat corpse.
The ice beast hits you. The ice beast freezes you!
You feel very mighty all of a sudden. The ice beast closely misses you.
You punch the ice beast!
The ice beast is moderately wounded.
You block the ice beast's attack.
You punch the ice beast!
The ice beast is severely wounded.
The ice beast barely misses you.
You closely miss the ice beast.
The ice beast is severely wounded.
You closely miss the ice beast.
The ice beast is severely wounded.
The ice beast hits you. The ice beast freezes you!
You hit the ice beast.
The ice beast is almost dead.
The ice beast hits you. The ice beast freezes you!
* * * LOW HITPOINT WARNING * * *
You closely miss the ice beast.
The ice beast is almost dead.
You block the ice beast's attack.
You closely miss the ice beast.
The ice beast is almost dead.
The ice beast barely misses you.
You closely miss the ice beast.
The ice beast is almost dead.
The ice beast completely misses you.
You completely miss the ice beast.
The ice beast is almost dead.
The ice beast closely misses you.
You hit the ice beast.
The ice beast is almost dead.
The ice beast hits you.
* * * LOW HITPOINT WARNING * * *
The ice beast freezes you!
You die...

....##,,#.†.##,*,**,*,*,*
#..#
..g##,,,##...#,*,**,,,,,*
##.#
..##,,*,,#...##*,**,,,,,**
#.#
.##,,,**,##g..#*,*,,,,,,,*
#.#
##,,*,,*,,#...##,**,,,,,**
#.#
#,,,**,**,##...#,***><,,*
#.# ,,*,,*,,*,,+...#,*
**,*,* #.#
**###########.#######.#.#
#.#
#...........gY@.....#.#
#.#
#######.###..########.#
#.# #<# #..## #.# #.#
#.###...# #.# #.#
#.....#.#######.## #.#
###...#..[.......#####.#
#<#####......#.......#
#...#...####...#######
###.#.### #####


You could see an ice beast and a hobgoblin.

Vanquished Creatures
  3 adders
  A worm (D:3)
  2 bats
  4 endoplasms
  A giant cockroach (D:2)
  4 goblins
  4 hobgoblins
  4 kobolds
  A quokka (D:2)
  5 ball pythons (D:2)
  2 frilled lizards
  3 rats
34 creatures vanquished.

Notes
Turn   | Place    | Note
-------+----------+-------------------------------------------
     0 | D:1      | esteth the Hill Orc Fighter began the quest for the Orb.
     0 | D:1      | Reached XP level 1. HP: 19/19 MP: 1/1
   270 | D:1      | Reached skill level 1 in Unarmed Combat
   304 | D:1      | Reached XP level 2. HP: 20/27 MP: 2/2
   564 | D:1      | Found a glowing silver altar of Zin.
   795 | D:2      | Reached XP level 3. HP: 18/34 MP: 3/3
  1511 | D:2      | Found a hazy altar of Hepliaklqana.
  1746 | D:3      | Found a broken altar of Ashenzari.
  1846 | D:3      | Reached XP level 4. HP: 39/41 MP: 4/4
  2099 | D:3      | Noticed an ice beast
  2138 | D:3      | Mangled by an ice beast

Illustrated notes

Levels and vault maps discovered:
D:1:      dpeg_arrival_windows_large_door, layout_basic, kennysheep_flooded_box,
          st_stairs_7
D:2:      layout_basic, basic_altar, minivault_24, minmay_misc_feat_cross
D:3:      minmay_razor_zed, layout_loops_ring, cheibrodos_ashenzari_chains

Skill      XL: |  1  2  3  4 |
---------------+-------------+-----
Unarmed Combat | 1 2 3 4 |  4.1
Fighting       | 4 |  4.8
Axes           | |  2.6
Armour         | |  3.2
Shields        | |  3.2

Action                   |  1- 3 |  4- 6 || total
-------------------------+-------+-------++-------
Melee: War axe           |    80 |     3 ||    83
       Unarmed           |       |    20 ||    20
  Use: Scroll            |       |     2 ||     2
       Potion            |       |     1 ||     1
Armor: Scale mail        |    50 |     4 ||    54
Dodge: Dodged            |    37 |     8 ||    45
Block: Buckler           |    24 |     2 ||    26

Table legend: (Time is in decaauts)
 A = Elapsed time spent in this place.
 B = Non-inter-level travel time spent in this place.
 C = Inter-level travel time spent in this place.
 D = Time resting spent in this place.
 E = Time spent auto-exploring this place.
 F = Levels seen in this place.
 G = Mean time per level.
                   A        B        C        D        E       F      G
               +--------+--------+--------+--------+--------+-----+--------+
         Total |   2169 |   2130 |     39 |    685 |   1164 |   3 |  723.0 |
       Dungeon |   2169 |   2130 |     39 |    685 |   1164 |   3 |  723.0 |
               +--------+--------+--------+--------+--------+-----+--------+

Top non-repeatable levels by time:
     D:2: 931 daAuts
     D:1: 774 daAuts
     D:3: 463 daAuts
